 Dungeon Crawl Stone Soup version 0.30.0-18-gc0e69614cb (webtiles) character file.

Game seed: 3546096218200663820

431 cheesebisquit the Trooper (level 6, 0/66 HPs)
             Began as an Ogre Warper on May 25, 2023.
             Was a Follower of Okawaru.
             Slain by a hound (1 damage)
             ... on level 5 of the Dungeon.
             The game lasted 00:19:07 (5538 turns).

cheesebisquit the Trooper (Ogre Warper)             Turns: 5538, Time: 00:19:07

Health: 0/66       AC:  3    Str: 18    XL:     6   Next: 99%
Magic:  13/18      EV:  9    Int: 14    God:    Okawaru [*.....]
Gold:   150        SH:  0    Dex:  8    Spells: 9/9 levels left

rFire   . . .        j - +0 flail
rCold   . . .        (no shield)
rNeg    . . .        b - +0 robe
rPois   +            (helmet restricted)
rElec   .            (no cloak)
rCorr   .            (gloves unavailable)
SInv    .            (boots unavailable)
Will    .....        p - amulet of regeneration
Stlth   ++           e - ring of poison resistance
HPRegen 1.11/turn    m - ring of magical power
MPRegen 0.16/turn

%: no passive effects
@: no status effects
A: large, unfitting armour, tough skin 1
a: Renounce Religion, Heroism


You were on level 5 of the Dungeon.
You worshipped Okawaru.
Okawaru was aware of your devotion.
You visited 2 branches of the dungeon, and saw 6 of its levels.

You collected 240 gold pieces.
You spent 90 gold pieces at shops.

Inventory:

Hand Weapons
 a - a +0 mace
 j - a +0 flail (weapon)
Missiles
 d - 7 boomerangs of dispersal
 k - a throwing net
 s - a poisoned dart (quivered)
 w - a javelin
Armour
 b - a +0 robe (worn)
Jewellery
 e - a ring of poison resistance (left hand)
 m - a ring of magical power (right hand)
 p - an amulet of regeneration (around neck)
 u - a ring of wizardry
Wands
 z - a wand of flame (35)
Scrolls
 c - 2 scrolls of blinking
 f - 2 scrolls of fear
 g - a scroll of brand weapon {unknown}
 o - a scroll of poison {unknown}
 v - a scroll of noise
 x - a scroll of teleportation {unknown}
 y - a scroll of immolation {unknown}
 B - a scroll of amnesia {unknown}
Potions
 h - a potion of heal wounds
 i - 3 potions of mutation
 l - 3 potions of curing
 n - a potion of cancellation
 q - 3 potions of flight
 r - a potion of lignification
 t - a potion of attraction {unknown}
 A - 2 potions of degeneration {unknown}


   Skills:
 - Level 5.0 Fighting
 + Level 1.8 Maces & Flails
 - Level 1.0 Throwing
 - Level 2.1 Dodging
 - Level 5.0 Stealth
 - Level 2.4 Spellcasting
 - Level 2.6 Translocations


You had 9 spell levels left.
You didn't know any spells.
Your spell library contained the following spells:

 Spells                   Type           Power      Damage    Failure   Level
 Blink                    Tloc           18%        N/A       12%         2
 Lesser Beckoning         Tloc           18%        N/A       12%         2
 Teleport Other           Tloc           9%         N/A       22%         3
 Sublimation of Blood     Necr           1%         N/A       34%         2
 Wereblood                Tmut           1%         N/A       34%         2
 Vhi's Electric Charge    Tloc/Air       10%        N/A       36%         3
 Ozocubu's Armour         Ice            1%         N/A       56%         3
 Manifold Assault         Tloc           9%         N/A       58%         4
 Ozocubu's Refrigeration  Ice            0%         4d7       100%        7
 Summon Hydra             Summ           Unusable   N/A       N/A         7

Dungeon Overview and Level Annotations

Branches:
Dungeon (5/15)             Temple (1/1) D:5

Altars:
Cheibriados
Dithmenos
Elyvilon
Fedhas
Gozag
Hepliaklqana
Kikubaaqudgha
Makhleb
Nemelex Xobeh
Okawaru
Sif Muna
Trog
Vehumet
Wu Jian
Xom
Yredelemnul
Zin
The Shining One

Shops:
D:3 ?

Annotations:
D:3 Sigmund


Innate Abilities, Weirdness & Mutations

You are too large for most types of armour.
You have tough skin. (AC +1)


Message History

The gnoll hits you from afar with a +0 halberd!
The hound closely misses you. The gnoll barely misses you.
You closely miss the hound. The hound barely misses you.
The gnoll barely misses you. The hound bites you.
You barely miss the hound. The hound barely misses you.
The gnoll hits you from afar with a +0 halberd!
The hound bites you but does no damage. The gnoll barely misses you.
You feel much better. The hound bites you but does no damage.
The hound barely misses you.
The gnoll hits you from afar with a +0 halberd.
You closely miss the hound. The hound bites you but does no damage.
The gnoll barely misses you. The hound bites you.
You hit the hound.
The hound is lightly wounded.
The hound bites you. The gnoll barely misses you. The hound barely misses you.
You barely miss the hound.
The hound is lightly wounded.
The hound bites you. The gnoll closely misses you. The hound barely misses you.
The gnoll barely misses you.
You barely miss the hound.
The hound is lightly wounded.
The hound bites you but does no damage.
The gnoll hits you from afar with a +0 halberd!
The hound closely misses you.
You closely miss the hound.
The hound is lightly wounded.
The hound bites you. The gnoll barely misses you. The hound bites you.
You barely miss the hound.
The hound is lightly wounded.
The gnoll barely misses you. The hound bites you.
You hit the hound but do no damage.
The hound is lightly wounded.
The hound bites you.
The gnoll hits you from afar with a +0 halberd!
* * * LOW HITPOINT WARNING * * *
The hound barely misses you.
The gnoll hits you from afar with a +0 halberd!
* * * LOW HITPOINT WARNING * * *
The hound bites you.
You die...

# ... #.#####'### .
..>...(...##.
......(...#..
.......g..#.#
..........#.#
...####'###.#
...####'###.###########
##........)...gh@...#..
#........#########.#.#
#........# #.#.#
#.......## #.#.#
#...##### #.#.# #...
##..# #... #..# +..
#..# #. #..######


You could see a hound and a gnoll.

Vanquished Creatures
  2 scorpions
  A howler monkey (D:5)
  Jessica (D:2)
  An iguana (D:4)
  2 orc wizards (D:3)
  3 gnolls (D:5)
  7 adders
  2 worms
  A dart slug (D:1)
  5 orcs
  6 ball pythons
  3 endoplasms
  3 giant cockroaches
  7 goblins
  12 hobgoblins
  3 jackals (D:1)
  4 kobolds
  3 quokkas
  4 bats
  2 frilled lizards
  7 rats
79 creatures vanquished.

Notes
Turn   | Place    | Note
-------+----------+-------------------------------------------
     0 | D:1      | cheesebisquit the Ogre Warper began the quest for the Orb.
     0 | D:1      | Reached XP level 1. HP: 22/22 MP: 3/3
    54 | D:1      | Reached XP level 2. HP: 9/31 MP: 5/5
   197 | D:1      | Reached skill level 1 in Stealth
   627 | D:1      | Reached XP level 3. HP: 36/39 MP: 6/6
  2336 | D:2      | Found a faded altar of an unknown god.
  2420 | D:2      | Reached XP level 4. HP: 37/49 MP: 7/7
  2623 | D:2      | Noticed Jessica
  2632 | D:2      | Killed Jessica
  3224 | D:3      | Noticed Sigmund
  3241 | D:3      | Reached skill level 5 in Fighting
  3331 | D:3      | Found an ornate altar of the Wu Jian Council.
  3332 | D:3      | Found a snail-covered altar of Cheibriados.
  3333 | D:3      | Found an iron altar of Okawaru.
  3341 | D:3      | Became a worshipper of Warmaster Okawaru
  3500 | D:3      | Found The Oracle's Delphic Readings.
  3509 | D:3      | Bought a scroll of fear for 40 gold pieces
  3509 | D:3      | Bought a scroll of noise for 10 gold pieces
  3509 | D:3      | Bought a scroll of identify for 20 gold pieces
  3509 | D:3      | Bought a scroll of identify for 20 gold pieces
  3634 | D:3      | Reached XP level 5. HP: 57/57 MP: 8/8
  4445 | D:4      | Found a glowing golden altar of the Shining One.
  4532 | D:4      | Reached XP level 6. HP: 49/66 MP: 9/9
  4696 | D:4      | Reached * piety under Okawaru
  5092 | D:5      | Entered Level 5 of the Dungeon
  5130 | D:5      | Found a staircase to the Ecumenical Temple.
  5150 | Temple   | Entered the Ecumenical Temple
  5459 | D:5      | Found a burning altar of Makhleb.
  5527 | D:5      | Reached skill level 5 in Stealth
  5538 | D:5      | HP: 1/66 [gnoll/+0 halberd (11)]
  5538 | D:5      | Slain by a hound

Illustrated notes

Levels and vault maps discovered:
D:1:      matt_arrival_diagonals, layout_basic, minmay_tromino_v7
D:2:      minmay_recursive_quarters, layout_basic,
          ebering_ecumenical_altar_petrified, uniq_jessica
D:3:      layout_loops_corners, grunt_temple_overflow_open,
          nicolae_nh_oracle_at_delphi, uniq_sigmund
D:4:      layout_rooms, nicolae_overflow_crystal_walls
D:5:      minmay_goblin_kobold_castle, layout_basic,
          mainiacjoe_overflow_big_doors, minmay_temple_entry_grid,
          hangedman_abyss_or_decor_lesser_grid, chequers_arboretum,
          minmay_door_square
Temple:   compressed_dpeg_triangle_lava_temple

Skill      XL: |  1  2  3  4  5  6 |
---------------+-------------------+-----
Fighting       | 3 4 5 |  5.0
Stealth        | 1 2 3 5 |  5.0
Maces & Flails | |  1.8
Throwing       | |  1.0
Dodging        | |  2.1
Spellcasting   | |  2.4
Translocations | |  2.6

Action                     |  1- 3 |  4- 6 || total
---------------------------+-------+-------++-------
  Melee: Mace              |   121 |    91 ||   212
         Flail             |       |    85 ||    85
         Punch             |       |     1 ||     1
  Throw: Dart              |       |     8 ||     8
         Javelin           |       |     2 ||     2
    Use: Scroll            |       |     6 ||     6
         Potion            |       |     1 ||     1
   Stab: Sleeping          |     1 |     7 ||     8
 Armour: Robe              |    35 |    60 ||    95
  Dodge: Dodged            |    57 |   107 ||   164
